AoeStats
← jphilkill

Black Forest

509349954Analyzed
4v4 RM · 6d ago on Sep 26, 2026· 63m 8s· 8 players
Game mode
Random Map
Map size
Large (8 player)
Population
200
Speed
Normal
Resources
Standard
Victory
Conquest
Starting age
Dark Age
Ending age
Imperial Age
RankedLock teamsTeams togetherTeam positionsShared explorationLock speedFull tech treeHidden civsTurbo modeCheats
Victory
Defeat
🇫🇷 Magyars · France
830
+11
🇩🇪 Celts · Germany
830
+11
🇫🇷 Persians · France
827
+11
🇺🇸 Spanish · United States
752
+14
🇨🇳 Saracens · China
816
-16
🇹🇼 Inca · Taiwan
721
-12
🇹🇼 Britons · Taiwan
696
-11
🇦🇺 Huns · Australia
604
-8
D4RKK
2:10 Loom
10:43 Feudal Age
11:43 Double-Bit Axe
11:39 Horse Collar
12:42 Stone Mining
15:54 Gold Mining
21:12 Castle Age
19:31 Padded Archer Armor
22:05 Bow Saw
26:21 Heavy Plow
30:11 Stone Shaft Mining
30:53 Wheelbarrow
30:38 Scale Barding Armor
31:43 Caravan
36:14 Imperial Age
33:32 Town Watch
36:14 Chain Barding Armor
36:09 Leather Archer Armor
35:55 Scale Mail Armor
35:46 Fletching
38:25 Pikeman
39:05 Squires
38:51 Elite Conquistador
40:16 Guilds
42:08 Two-Man Saw
42:12 Husbandry
42:22 Bloodlines
42:34 Cavalier
42:44 Halberdier
44:05 Hand Cart
43:51 Town Patrol
44:15 Chain Mail Armor
47:33 Plate Mail Armor
47:13 Forging
47:39 Plate Barding Armor
47:34 Ring Archer Armor
47:00 Bodkin Arrow
48:01 Ballistics
48:41 Chemistry
47:52 Fortified Wall
48:52 Paladin
51:02 Iron Casting
50:50 Bombard Tower
53:28 Conscription
Ryô Saeba
1:19 Loom
17:53 Feudal Age
23:50 Castle Age
22:13 Double-Bit Axe
22:26 Fletching
25:38 Wheelbarrow
28:18 Bodkin Arrow
29:40 Horse Collar
31:11 Bow Saw
32:25 Thumb Ring
32:51 Hand Cart
33:13 Heavy Plow
35:12 Bloodlines
39:28 Imperial Age
37:53 Gold Mining
38:26 Padded Archer Armor
39:06 Ballistics
40:12 Bracer
41:02 Parthian Tactics
41:39 Husbandry
41:41 Heavy Cavalry Archer
44:14 Chemistry
42:58 Treadmill Crane
49:07 Light Cavalry
50:34 Conscription
51:37 Pikeman
52:21 Scale Mail Armor
52:44 Recurve Bow
52:42 Halberdier
54:02 Chain Mail Armor
55:43 Arson
57:28 Caravan
Diego
0:54 Loom
12:39 Feudal Age
13:20 Double-Bit Axe
14:13 Wheelbarrow
13:27 Horse Collar
18:08 Town Watch
19:59 Scale Barding Armor
20:05 Forging
19:56 Scale Mail Armor
22:57 Castle Age
21:59 Stone Mining
22:01 Gold Mining
24:17 Stone Shaft Mining
24:20 Gold Shaft Mining
23:48 Heavy Plow
24:02 Bow Saw
25:12 Caravan
25:43 Coinage
35:31 Imperial Age
33:18 Hand Cart
33:04 Town Patrol
35:16 Ballistics
35:08 Masonry
36:59 Banking
36:40 Guilds
38:17 Elite War Elephant
39:08 Citadels
39:19 Conscription
40:21 Chain Barding Armor
40:56 Iron Casting
43:48 Plate Barding Armor
44:13 Blast Furnace
43:29 Chain Mail Armor
44:34 Murder Holes
45:40 Chemistry
46:40 Architecture
46:56 Crop Rotation
47:30 Two-Man Saw
49:24 Squires
48:44 Pikeman
49:10 Arson
51:25 Halberdier
56:03 Man-at-Arms
56:29 Gambesons
57:39 Plate Mail Armor
57:10 Padded Archer Armor
57:01 Fletching
57:05 Guard Tower
57:06 Heated Shot
57:22 Siphons
57:28 Clinker Construction
57:29 Careening
57:37 Block Printing
57:32 Fervor
57:18 Herbal Medicine
57:59 Theocracy
57:24 Devotion
56:49 Long Swordsman
58:07 Kamandaran
57:38 Sappers
58:43 Hoardings
58:10 Cavalier
58:51 Husbandry
59:01 Bloodlines
58:12 Light Cavalry
58:18 Heavy Camel Rider
59:23 Leather Archer Armor
59:24 Incendiaries
61:31 Carvel Hull
61:32 Dry Dock
61:45 Ring Archer Armor
61:11 Bodkin Arrow
62:54 Faith
62:03 Savar
62:03 Hussar
jphilkill
0:31 Loom
14:07 Feudal Age
14:34 Double-Bit Axe
15:26 Gold Mining
15:29 Stone Mining
19:41 Castle Age
17:57 Horse Collar
21:06 Wheelbarrow
21:05 Heavy Plow
21:19 Bow Saw
24:48 Pikeman
27:35 Scale Mail Armor
28:44 Forging
30:09 Scale Barding Armor
35:52 Imperial Age
35:53 Chain Mail Armor
37:40 Conscription
37:02 Halberdier
38:31 Onager
40:31 Hand Cart
40:55 Gold Shaft Mining
40:25 Fletching
40:35 Padded Archer Armor
41:58 Plate Mail Armor
43:33 Elite Skirmisher
43:36 Heavy Scorpion
45:47 Siege Onager
48:25 Capped Ram
50:19 Furor Celtica
50:18 Siege Engineers
51:15 Chemistry
51:45 Ballistics
53:34 Iron Casting
52:51 Siege Ram
55:39 Blast Furnace
54:35 Bodkin Arrow
54:55 Leather Archer Armor
54:02 Cavalier
54:43 Husbandry
58:22 Paladin
天安门坦克人
14:16 Feudal Age
16:51 Double-Bit Axe
19:20 Wheelbarrow
24:27 Castle Age
24:03 Horse Collar
24:17 Stone Mining
24:20 Gold Mining
28:04 Heavy Plow
27:55 Crossbowman
28:01 Elite Skirmisher
33:34 Pikeman
34:15 Squires
34:01 Arson
36:23 Yeomen
39:46 Hand Cart
42:05 Bow Saw
46:22 Imperial Age
44:15 Padded Archer Armor
44:30 Caravan
44:42 Fletching
47:13 Leather Archer Armor
46:53 Bodkin Arrow
46:29 Elite Longbowman
47:23 Arbalester
48:33 Halberdier
48:58 Gambesons
52:52 Ballistics
53:34 Chemistry
J1un8
15:15 Feudal Age
17:31 Horse Collar
17:42 Double-Bit Axe
21:39 Horse Collar
24:12 Castle Age
25:22 Heavy Plow
25:32 Bow Saw
28:04 Bow Saw
29:32 Stone Mining
29:34 Gold Mining
29:10 Pikeman
32:17 Ballistics
36:16 Gold Shaft Mining
36:17 Stone Shaft Mining
38:05 Squires
37:51 Arson
43:36 Wheelbarrow
51:11 Imperial Age
48:57 Hand Cart
52:38 Elite Kamayuk
52:44 Elite Kamayuk
53:25 Fabric Shields
53:46 Conscription
54:05 Hoardings
54:28 Onager
55:21 Halberdier
raging tom
2:34 Loom
2:58 Loom
13:14 Feudal Age
16:12 Wheelbarrow
15:39 Gold Mining
15:45 Double-Bit Axe
15:56 Horse Collar
18:40 Castle Age
17:45 Scale Barding Armor
17:52 Forging
19:58 Bow Saw
23:47 Hand Cart
26:39 Gold Shaft Mining
25:55 Stone Mining
26:11 Heavy Plow
27:40 Town Watch
28:44 Chain Barding Armor
29:52 Iron Casting
29:29 Town Patrol
31:57 Husbandry
32:08 Bloodlines
35:26 Imperial Age
34:41 Caravan
35:48 Cavalier
37:12 Plate Barding Armor
37:45 Paladin
39:29 Blast Furnace
38:54 Atheism
38:55 Conscription
38:40 Marauders
39:15 Elite Tarkan
39:22 Elite Tarkan
39:51 Heavy Cavalry Archer
40:56 Parthian Tactics
42:12 Two-Man Saw
50:50 Pikeman
51:30 Halberdier
52:28 Scale Mail Armor
53:47 Chain Mail Armor
53:33 Padded Archer Armor
53:24 Fletching
53:52 Arson
54:08 Squires
53:29 Man-at-Arms
61:03 Light Cavalry
story
0:46 Loom
13:38 Feudal Age
20:38 Castle Age
18:50 Horse Collar
20:41 Double-Bit Axe
21:19 Crossbowman
22:59 Bow Saw
31:52 Imperial Age
29:51 Heavy Plow
32:40 Arbalester
34:24 Wheelbarrow
33:34 Town Watch
35:40 Hand Cart
35:26 Town Patrol
39:11 Gold Mining
39:12 Stone Mining
45:02 Two-Man Saw
49:40 Conscription
50:50 Thumb Ring
51:43 Padded Archer Armor
51:34 Fletching
53:06 Coinage
52:37 Caravan
53:19 Parthian Tactics
53:15 Leather Archer Armor
52:55 Bodkin Arrow
53:12 Forging
53:02 Scale Mail Armor
53:08 Scale Barding Armor
54:24 Banking
55:42 Ring Archer Armor
55:12 Bracer
56:21 Chemistry
55:32 Fortified Wall
55:37 Counterweights
55:39 Bimaristan
Connection lost

Rejoining the realm…

Still unreachable

The connection could not be restored.

Session expired

The server has moved on; the page needs a fresh start.